AoeStats
← Doak

Fortress

508336479Analyzed
4v4 RM · 10d ago on Sep 22, 2026· 38m 4s· 8 players
Game mode
Random Map
Map size
Huge
Population
200
Speed
Normal
Resources
Standard
Victory
Conquest
Starting age
Dark Age
Ending age
Imperial Age
RankedLock teamsTeams togetherTeam positionsShared explorationLock speedFull tech treeHidden civsTurbo modeCheats
Victory
Defeat
🇨🇴 Ethiopians · Colombia
1455
+14
🇹🇷 Japanese · Türkiye
1407
+16
🇲🇽 Lithuanians · Mexico
1401
+16
🇺🇸 Vietnamese · United States
1398
+16
🇺🇸 Goths · United States
1506
-20
🇺🇸 Jurchens · United States
1381
-15
🇬🇧 Burgundians · United Kingdom
1379
-14
🇺🇸 Khmer · United States
1331
-13
Almost600
7:50 Feudal Age
9:03 Horse Collar
11:49 Castle Age
9:51 Double-Bit Axe
10:57 Gold Mining
12:32 Scale Mail Armor
12:50 Forging
12:58 Bow Saw
13:43 Man-at-Arms
14:24 Long Swordsman
17:55 Squires
19:25 Wheelbarrow
20:19 Heavy Plow
20:51 Chain Mail Armor
22:46 Loom
26:15 Iron Casting
25:57 Town Watch
26:31 Hand Cart
32:01 Imperial Age
32:03 Two-Handed Swordsman
33:54 Blast Furnace
33:49 Champion
34:51 Conscription
34:03 Elite Huskarl
36:38 Crop Rotation
36:04 Fletching
el_Feist
7:11 Feudal Age
11:30 Castle Age
10:01 Double-Bit Axe
10:20 Gold Mining
11:16 Horse Collar
14:46 Bow Saw
17:13 Loom
19:56 Scale Mail Armor
23:49 Masonry
23:59 Siege Engineers
24:36 Forging
28:32 Chain Mail Armor
34:00 Fortified Wall
Doak
3:43 Double-Bit Axe
7:46 Feudal Age
7:47 Gold Mining
7:38 Horse Collar
12:42 Castle Age
11:09 Heavy Plow
11:53 Scale Barding Armor
12:28 Forging
13:46 Chain Barding Armor
16:37 Forging
20:24 Iron Casting
30:15 Loom
31:06 Wheelbarrow
34:02 Imperial Age
31:19 Loom
33:23 Fletching
34:02 Bodkin Arrow
35:23 Plate Barding Armor
35:04 Husbandry
36:12 Chemistry
36:37 Bracer
36:58 Ballistics
36:13 Elite Coustillier
some.spiced.ham
6:45 Feudal Age
9:41 Castle Age
9:28 Loom
32:59 Wheelbarrow
35:08 Hand Cart
37:29 Imperial Age
TheLowercasee
9:18 Feudal Age
10:33 Horse Collar
12:58 Castle Age
10:57 Double-Bit Axe
12:05 Gold Mining
14:27 Bow Saw
14:55 Heavy Plow
15:55 Loom
18:33 Fletching
18:43 Padded Archer Armor
19:30 Bodkin Arrow
20:10 Guard Tower
21:00 Leather Archer Armor
22:50 Loom
23:42 Wheelbarrow
26:56 Imperial Age
24:44 Hand Cart
25:06 Fortified Wall
25:19 Ballistics
27:28 Fortified Wall
27:16 Murder Holes
27:40 Bracer
28:42 Chemistry
28:51 Ring Archer Armor
28:30 Onager
29:57 Siege Engineers
33:32 Crop Rotation
33:29 Thumb Ring
33:52 Elite Rattan Archer
Chigüiro
8:07 Feudal Age
11:51 Castle Age
9:45 Double-Bit Axe
9:43 Horse Collar
12:49 Scale Mail Armor
13:34 Squires
14:23 Bow Saw
14:46 Forging
20:24 Town Watch
26:59 Chain Mail Armor
30:31 Imperial Age
27:50 Loom
28:19 Fletching
30:35 Halberdier
32:19 Plate Mail Armor
33:38 Town Patrol
34:14 Wheelbarrow
33:52 Onager
37:13 Conscription
37:05 Siege Engineers
38:02 Chemistry
38:09 Iron Casting
38:21 Hand Cart
Niccals_
4:35 Loom
7:07 Feudal Age
10:44 Castle Age
8:46 Double-Bit Axe
20:23 Scale Barding Armor
34:49 Horse Collar
MinorCloud9519
8:05 Feudal Age
8:53 Horse Collar
9:00 Double-Bit Axe
12:21 Castle Age
10:55 Gold Mining
13:12 Heavy Plow
13:25 Bow Saw
13:23 Loom
16:30 Wheelbarrow
18:23 Scale Mail Armor
18:57 Forging
19:48 Fletching
21:05 Bodkin Arrow
35:48 Imperial Age
34:55 Hand Cart
35:36 Chain Mail Armor
35:57 Iron Casting
37:20 Plate Mail Armor
37:05 Squires
36:50 Gambesons
38:35 Blast Furnace
37:23 Arson
38:54 Conscription
Connection lost

Rejoining the realm…

Still unreachable

The connection could not be restored.

Session expired

The server has moved on; the page needs a fresh start.